 Seeded DCSS version 0.30.1-11-g7821555f0a (webtiles) character file.

Game seed: 6351066067085065685 (custom seed)

111597 Esekla the Sorcerer (level 16, -9/94 HPs)
             Began as a Deep Elf Wanderer on Nov 11, 2023.
             Was the Champion of Vehumet.
             Killed from afar by a deep elf knight (29 damage)
             ... with a shard of ice
             ... on level 2 of the Elven Halls.
             The game lasted 03:17:51 (18767 turns).

Esekla the Sorcerer (Deep Elf Wanderer)            Turns: 18767, Time: 03:17:52

Health: -9/94      AC: 19    Str:  9    XL:     16   Next: 9%
Magic:  6/43       EV: 14    Int: 30    God:    Vehumet [******]
Gold:   1288       SH:  4    Dex: 11    Spells: 4/58 levels left

rFire   . . .        f - +4 scimitar (flame)
rCold   . . .        d - +0 buckler
rNeg    + . .        h - +0 troll leather armour
rPois   +            X - +2 helmet {Int+3}
rElec   +            L - +2 cloak
rCorr   .            j - +0 pair of gloves
SInv    .            k - +1 pair of boots {rampage}
Will    +....        y - amulet of magic regeneration
Stlth   ++           U - ring of Greed {rElec rPois rN+ AC+4 Str-2}
HPRegen 1.15/turn    P - ring of the Mage {Wiz Archmagi}
MPRegen 0.68/turn

%: rampage, wizardry (x1), archmagi
@: wereblooded (expiring), very slightly contaminated, hasted, studying
Fighting, very quick
A: no striking features
a: Renounce Religion


You were on level 2 of the Elven Halls.
You worshipped Vehumet.
Vehumet was exalted by your worship.
You visited 4 branches of the dungeon, and saw 21 of its levels.
You also visited: Bailey.

You collected 3030 gold pieces.
You spent 1742 gold pieces at shops.

Inventory:

Hand Weapons
 a - a +2 vampiric dagger
 c - a +5 scimitar
 f - a +4 scimitar of flaming (weapon)
 r - a +4 trident of venom
 s - the +5 rapier of the Hero {heavy, rN+ Dex+3}
   (You found it on level 3 of the Dungeon)

   Dex:       It affects your dexterity (+3).
   rN:        It protects you from negative energy.
Missiles
 A - 13 boomerangs
 C - 56 poisoned darts (quivered)
 I - 6 curare-tipped darts
Armour
 d - a +0 buckler (worn)
 h - a +0 troll leather armour (worn)
 j - a +0 pair of gloves (worn)
 k - a +1 pair of boots of rampaging (worn)
 L - a +2 cloak (worn)
 W - a +2 robe of cold resistance
 X - a +2 helmet of intelligence (worn)
Jewellery
 g - an amulet of reflection
 o - a ring of ice
 y - an amulet of magic regeneration (around neck)
 P - the ring of the Mage (right hand) {Wiz Archmagi}
   (You bought it in a shop on level 2 of the Dungeon)

   [ring of wizardry]

   It improves your spell success rate.
   Archmagi:  It increases the power of your magical spells.
 U - the ring of Greed (left hand) {rElec rPois rN+ AC+4 Str-2}
   (You bought it in a shop on level 2 of the Dungeon)

   [ring of protection]

   AC:        It affects your AC (+4).
   Str:       It affects your strength (-2).
   rElec:     It insulates you from electricity.
   rPois:     It protects you from poison.
   rN:        It protects you from negative energy.
Wands
 u - a wand of roots (31)
 z - a wand of flame (32)
 H - a wand of mindburst (5)
 R - a wand of digging (9)
 V - a wand of quicksilver (3)
Scrolls
 n - 3 scrolls of amnesia
 p - 6 scrolls of blinking {unknown}
 t - 3 scrolls of fog
 w - 2 scrolls of silence
 x - 2 scrolls of magic mapping
 B - a scroll of summoning
 D - 4 scrolls of enchant weapon
 E - 7 scrolls of teleportation
 G - 2 scrolls of poison
 N - a scroll of fear
 O - 3 scrolls of acquirement
 Q - 3 scrolls of identify
Potions
 b - a potion of resistance
 e - 3 potions of ambrosia
 i - 7 potions of curing
 l - 2 potions of mutation
 q - 5 potions of brilliance
 v - 5 potions of haste
 F - 7 potions of attraction
 J - a potion of cancellation
 K - a potion of might
 S - 3 potions of flight


   Skills:
 * Level 8.5 Fighting
 + Level 3.3 Short Blades
 + Level 0.5(2.0) Long Blades
 + Level 1.8 Throwing
 * Level 5.7 Armour
 * Level 10.6 Dodging
 + Level 4.2 Stealth
 + Level 2.3 Shields
 * Level 21.6 Spellcasting
 * Level 5.4 Conjurations
 + Level 11.2 Necromancy
 + Level 5.5 Translocations
 + Level 4.4 Transmutations
 + Level 4.7 Fire Magic
 + Level 6.1 Ice Magic
 + Level 8.4 Air Magic
 + Level 7.5 Earth Magic
 - Level 9.2 Poison Magic
 - Level 1.0 Invocations
 + Level 0.5 Evocations


You had 4 spell levels left.
You knew the following spells:

 Your Spells              Type           Power      Damage    Failure   Level
a - Magic Dart            Conj           100%       1d8       1%          1
b - Blink                 Tloc           100%       N/A       1%          2
c - Mephitic Cloud        Conj/Pois/Air  87%        N/A       1%          3
d - Vampiric Draining     Necr           99%        2d13      1%          3
f - Fireball              Conj/Fire      38%        3d16      1%          5
i - Irradiate             Conj/Tmut      37%        3d24      1%          5
k - Airstrike             Air            45%        2d(7-23)  1%          4
n - Ignite Poison         Fire/Tmut/Pois 81%        N/A       1%          3
o - Orb of Destruction    Conj           39%        9d11      21%         7
p - Apportation           Tloc           100%       N/A       1%          1
r - Frozen Ramparts       Ice            100%       1d16      1%          3
v - Poisonous Vapours     Pois/Air       100%       N/A       1%          2
w - Wereblood             Tmut           73%        N/A       1%          2
x - Olgreb's Toxic Radia  Pois           92%        N/A       1%          4
y - Sticky Flame          Conj/Fire      76%        2d9       1%          4
z - Freezing Cloud        Conj/Ice/Air   41%        6-21      1%          5

Your spell library contained the following spells:

 Spells                   Type           Power      Damage    Failure   Level
 Necrotise                Necr           100%       1d9       0%          1
 Foxfire                  Conj/Fire      100%       2x1d9     1%          1
 Sandblast                Erth           100%       2d20      1%          1
 Lesser Beckoning         Tloc           100%       N/A       1%          2
 Passwall                 Tmut/Erth      66%        N/A       1%          2
 Sublimation of Blood     Necr           99%        N/A       1%          2
 Gell's Gravitas          Tloc           78%        N/A       1%          3
 Hailstorm                Conj/Ice       79%        3d16      1%          3
 Portal Projectile        Hex/Tloc       100%       N/A       1%          3
 Spider Form              Tmut/Pois      83%        N/A       1%          3
 Stone Arrow              Conj/Erth      100%       3d13      1%          3
 Teleport Other           Tloc           78%        N/A       1%          3
 Vhi's Electric Charge    Tloc/Air       100%       N/A       1%          3
 Ice Form                 Ice/Tmut       77%        N/A       1%          4
 Manifold Assault         Tloc           78%        N/A       1%          4
 Passage of Golubria      Tloc           78%        N/A       1%          4
 Summon Ice Beast         Ice/Summ       66%        N/A       2%          4
 Cause Fear               Hex            24%        N/A       9%          4
 Agony                    Necr           99%        N/A       1%          5
 Plasma Beam              Fire/Air       41%        2x1d60    2%          6
 Silence                  Hex/Air        36%        N/A       4%          5
 Starburst                Conj/Fire      38%        6d11      4%          6
 Dispersal                Tloc           39%        N/A       14%         6
 Summon Mana Viper        Hex/Summ       48%        N/A       24%         5
 Lehudib's Crystal Spear  Conj/Erth      41%        10d10     63%         8
 Ignition                 Fire           37%        3d11      83%         8
 Summon Hydra             Summ           24%        N/A       99%         7
 Disjunction              Tloc           39%        N/A       99%         8


Dungeon Overview and Level Annotations

Branches:
Dungeon (12/15)            Temple (0/1) D:6            Lair (5/5) D:11
 Shoals (0/4) Lair:2       Spider (0/4) Lair:3        Slime (0/5) Lair:5
    Orc (2/2) D:10            Elf (1/3) Orc:2        Bailey (visited)

Altars:
Dithmenos
Fedhas
Hepliaklqana
Nemelex Xobeh
Okawaru
Qazlal
Ru
Trog
Uskayaw
Vehumet
Zin
The Shining One
Jiyva

Shops:
D:2 =   D:4 (   D:11 *   Orc:2 **[:

Portals:
Pandemonium: Orc:2
Trove: D:12 (lose all piety)
Desolation: Elf:2

Annotations:
D:10 gargoyle


Message History

Casting: Olgreb's Toxic Radiance (safe; 1% risk of failure)
Confirm with . or Enter, or press ? or * to list all spells.
You feel a surge of power!
You ignite the poison in your surroundings!
The deep elf knight seems to burn from within!!!!
You kill the deep elf knight!
Vehumet accepts your kill.
You feel your power returning.
The deep elf knight seems to burn from within!!
The deep elf knight is severely wounded.
The ironbound convoker seems to burn from within!!!!
You kill the ironbound convoker!
Vehumet accepts your kill.
You feel your power returning.
The deep elf pyromancer seems to burn from within!!
The deep elf pyromancer is almost dead.
The deep elf archer seems to burn from within!!
You kill the deep elf archer!
Vehumet accepts your kill.
You feel your power returning.
The deep elf pyromancer seems to burn from within!!!
You kill the deep elf pyromancer!
Vehumet accepts your kill.
You feel your power returning.
The fire elemental disappears in a puff of smoke!
The deep elf pyromancer seems to burn from within!
The deep elf pyromancer is heavily wounded.
The +2 long sword of holy wrath hits you.
* * * LOW HITPOINT WARNING * * *
The +2 long sword of holy wrath barely misses you.
Casting: Ignite Poison (safe; 1% risk of failure)
Confirm with . or Enter, or press ? or * to list all spells.
You feel a surge of power!
You erupt in a fountain of uncontrolled magic!
The +2 long sword of holy wrath is blasted with magical radiation!!!
The +2 long sword of holy wrath falls from the air.
Vehumet accepts your kill.
The deep elf knight casts a spell at you.
The shard of ice hits you!!
You die...

# #
##>#.##..#.........##
..#.
##......#..........##
....[.#
##.#####⌠.....^....##
.... .p# #.#
#............# ...).
#.# #.#
#......)...⌠.# .p.
#.###.#
##......)....# #
#)####.##.#
##.......)..###
#......#)#####
##.......).##.
##..)...e)e))@#
##..⌠.....##.
#.....§§§e#####
##.......'..
##...§§§#e#
#######')..
##>)..##.# #####
###)... .§..#.#.#
##...## ##......
§§...##..#
##.....###.......
§§.§.# #.#
##................
§§§§.. ...
#..........)).....
§.§.##
#.............)..)


You could see a deep elf knight (fast, strong) and 2 deep elf pyromancers.

Vanquished Creatures
  Rupert (Lair:4)
  A deep elf blademaster (Elf:2)
  A deep elf sorcerer (Elf:1)
  2 orc warlords
  A deep elf demonologist (Elf:1)
  Azrael (Orc:2)
  2 deep elf annihilators (Elf:1)
  A deep elf death mage (Elf:1)
  2 fire dragons (Lair:5)
  A deep elf high priest (Elf:1)
  3 hydras
  Harold (D:9)
  A demonspawn (Orc:2)
  A catoblepas (Lair:5)
  23 dancing weapons
  2 boulder beetles (Lair:2)
  3 two-headed ogres
  3 orc high priests (Orc:2)
  10 deep elf knights (Elf:2)
  Lodul (D:11)
  A skyshark (Lair:4)
  3 deep elf archers
  Pikel (D:6)
  A swamp dragon (Lair:5)
  2 lindwurms (Lair:5)
  An oklob plant (Lair:5)
  An ironbound convoker (Elf:2)
  14 deep elf zephyrmancers
  An ugly thing (D:12)
  12 deep elf pyromancers
  8 orc knights
  7 cyclopes
  10 orc sorcerers
  Joseph (D:7)
  A merfolk siren (Lair:2)
  2 black mambas
  9 elephants (Lair:5)
  6 torpor snails
  A smoke demon (Orc:2)
  A gargoyle (D:11)
  11 cane toads
  Psyche (D:11)
  3 rime drakes
  15 komodo dragons
  A kobold demonologist (D:9)
  A red devil (Orc:2)
  2 merfolk (Lair:2)
  A polar bear (D:11)
  7 trolls
  3 tyrant leeches (Lair:5)
  2 saltlings (Elf:2)
  5 blink frogs
  9 hornets
  4 centaur simulacra (D:11)
  2 air elementals
  A culicivora (Lair:3)
  3 water elementals
  A wraith (D:12)
  33 yaks
  12 spriggans (Lair:3)
  5 basilisks
  A chaos spawn (Orc:2)
  4 fire elementals
  3 steam dragons
  5 wyverns
  Menkaure (D:7)
  A naga (shapeshifter) (Elf:1)
  3 wargs
  4 hell hounds (Orc:2)
  2 acid dragons (Lair:5)
  6 ice beasts
  14 water moccasins
  2 swamp drakes (Lair:5)
  A sky beast (D:6)
  43 orc warriors
  2 black bears
  17 ogres
  2 centaurs
  12 wolves
  3 boggarts (Lair:3)
  A phantom (D:7)
  Blork the orc (D:6)
  4 kobold brigands
  4 gnoll sergeants
  10 bullfrogs
  An earth elemental (Elf:2)
  3 scorpions
  10 wights
  19 killer bees
  2 howler monkeys (D:10)
  An electric eel (D:11)
  2 quasits
  3 gnoll boudas
  6 hounds
  A jelly (D:6)
  Crazy Yiuf (D:7)
  32 orc priests
  7 iguanas
  12 hell rats
  14 orc wizards
  34 gnolls
  9 adders
  3 shadow imps
  8 white imps
  4 ufetubi
  A worm (D:4)
  3 dart slugs
  95 orcs
  4 endoplasms
  9 goblins
  7 hobgoblins
  A quokka (D:1)
  6 ball pythons
  4 bats
  4 frilled lizards
  21 kobolds
  A rat (D:2)
740 creatures vanquished.

Notes
Turn   | Place    | Note
-------+----------+-------------------------------------------
     0 | D:1      | Esekla the Deep Elf Wanderer began the quest for the Orb.
     0 | D:1      | Esekla set off with the following items: a +0 club, a
                  | potion of lignification, a +0 robe, a +0 buckler; and the
                  | following spells available to memorise: Apportation, Blink,
                  | Lesser Beckoning, Magic Dart, Ignite Poison, Vampiric
                  | Draining.
     0 | D:1      | Reached XP level 1. HP: 10/10 MP: 7/7
     2 | D:1      | Learned a level 1 spell: Magic Dart
     4 | D:1      | Learned a level 1 spell: Apportation
   255 | D:2      | Found Renulab's Jewellery Shop.
   431 | D:4      | Found a radiant altar of Vehumet.
   440 | D:4      | Found an iron altar of Okawaru.
   451 | D:4      | Found a glowing silver altar of Zin.
   536 | D:4      | Became a worshipper of Vehumet
   754 | D:3      | Reached XP level 2. HP: 15/15 MP: 6/9
   757 | D:3      | Learned a level 2 spell: Blink
   836 | D:3      | Reached skill level 5 in Spellcasting
   952 | D:3      | Identified the +5 rapier of the Hero {heavy, rN+ Dex+3}
  1136 | D:1      | Reached XP level 3. HP: 19/19 MP: 3/11
  1225 | D:1      | Reached skill level 1 in Necromancy
  1243 | D:1      | Reached * piety under Vehumet
  1243 | D:1      | Offered knowledge of Sandblast by Vehumet.
  1288 | D:1      | Learned a level 3 spell: Ignite Poison
  1292 | D:1      | Learned a level 3 spell: Vampiric Draining
  1503 | D:2      | Reached XP level 4. HP: 18/24 MP: 2/13
  1619 | D:2      | Reached skill level 1 in Conjurations
  1946 | D:3      | Found a stormy altar of Qazlal.
  1968 | D:3      | Reached skill level 6 in Spellcasting
  1991 | D:3      | Found a hazy altar of Hepliaklqana.
  1991 | D:3      | Found a bloodstained altar of Trog.
  2127 | D:3      | Reached XP level 5. HP: 28/28 MP: 13/16
  2309 | D:5      | Entered Level 5 of the Dungeon
  2321 | D:5      | Got the Parchment of the Lumpy Olives
  2359 | D:4      | Reached skill level 1 in Dodging
  2389 | D:5      | Found a shadowy altar of Dithmenos.
  2422 | D:5      | Reached skill level 1 in Short Blades
  2658 | D:4      | Found a glowing golden altar of the Shining One.
  2721 | D:4      | Reached skill level 7 in Spellcasting
  2729 | D:4      | Reached XP level 6. HP: 31/32 MP: 13/18
  3027 | D:2      | Reached ** piety under Vehumet
  3027 | D:2      | Offered knowledge of Freeze by Vehumet.
  3048 | D:2      | Found a faded altar of an unknown god.
  3251 | D:5      | Reached XP level 7. HP: 35/36 MP: 17/20
  3301 | D:5      | Reached skill level 8 in Spellcasting
  3699 | D:6      | Reached skill level 9 in Spellcasting
  3747 | D:6      | Reached skill level 1 in Throwing
  3754 | D:6      | Reached XP level 8. HP: 37/41 MP: 4/23
  3761 | D:6      | Found a blossoming altar of Fedhas.
  3871 | D:6      | Found a staircase to the Ecumenical Temple.
  4068 | D:6      | Offered knowledge of Mephitic Cloud by Vehumet.
  4073 | D:6      | Learned a level 3 spell: Mephitic Cloud
  4097 | D:6      | Reached skill level 10 in Spellcasting
  4147 | D:6      | Noticed Pikel
  4160 | D:6      | Killed Pikel
  4161 | D:6      | Reached skill level 5 in Necromancy
  4161 | D:6      | Reached skill level 1 in Air Magic
  4161 | D:6      | Reached skill level 1 in Poison Magic
  4356 | D:6      | Noticed Blork the orc
  4505 | D:6      | Killed Blork the orc
  4644 | D:7      | Found a runed translucent door.
  4645 | D:7      | Noticed Crazy Yiuf
  4650 | D:7      | Killed Crazy Yiuf
  4693 | D:7      | Reached XP level 9. HP: 23/45 MP: 15/25
  4829 | D:7      | Noticed Menkaure
  4834 | D:7      | Killed Menkaure
  4939 | D:7      | Reached skill level 5 in Dodging
  4939 | D:7      | Reached skill level 11 in Spellcasting
  4946 | D:7      | Reached skill level 1 in Transmutations
  5204 | D:7      | Reached skill level 1 in Fire Magic
  5304 | D:7      | Reached *** piety under Vehumet
  5359 | D:7      | Noticed Joseph
  5368 | D:7      | Killed Joseph
  5468 | D:7      | Offered knowledge of Olgreb's Toxic Radiance by Vehumet.
  5477 | D:7      | Learned a level 4 spell: Olgreb's Toxic Radiance
  5495 | D:8      | Noticed a two-headed ogre
  5547 | D:8      | Killed a two-headed ogre
  5548 | D:8      | Reached skill level 12 in Spellcasting
  5548 | D:8      | Reached XP level 10. HP: 29/50 MP: 21/28
  5610 | D:8      | Reached **** piety under Vehumet
  5894 | D:8      | Offered knowledge of Volatile Blastmotes by Vehumet.
  5948 | D:8      | Found a hide-covered altar of Uskayaw.
  5972 | D:8      | Found a transporter.
  5986 | D:8      | Found a transporter.
  5988 | D:8      | Found a transporter.
  5988 | D:8      | Found a transporter.
  6625 | D:9      | Found a flagged portal.
  6632 | Bailey   | Entered a bailey
  6782 | Bailey   | Identified the +2 bardiche of Puhoisos {heavy, rElec
                  | Stlth+}
  6786 | Bailey   | Noticed an orc knight
  6786 | Bailey   | Noticed an orc knight
  6795 | Bailey   | Killed an orc knight
  6797 | Bailey   | Killed an orc knight
  6798 | Bailey   | Reached skill level 13 in Spellcasting
  6798 | Bailey   | Reached skill level 1 in Earth Magic
  7123 | D:9      | Reached skill level 1 in Fighting
  7158 | D:9      | Found a sparkling altar of Nemelex Xobeh.
  7209 | D:9      | Noticed a two-headed ogre
  7218 | D:9      | Killed a two-headed ogre
  7219 | D:9      | Reached skill level 5 in Poison Magic
  7394 | D:9      | Noticed a cyclops
  7408 | D:9      | Killed a cyclops
  7409 | D:9      | Reached XP level 11. HP: 54/57 MP: 30/30
  7744 | D:9      | Noticed Harold
  7772 | D:9      | HP: 1/59 [Harold/+0 battleaxe (16)]
  7773 | D:9      | Killed Harold
  7773 | D:9      | Reached ***** piety under Vehumet
  7996 | D:10     | Entered Level 10 of the Dungeon
  8003 | D:10     | Offered knowledge of Airstrike by Vehumet.
  8008 | D:10     | Reached skill level 14 in Spellcasting
  8074 | D:10     | Learned a level 4 spell: Airstrike
  8209 | D:10     | Found a sacrificial altar of Ru.
  8279 | D:10     | Found a staircase to the Orcish Mines.
  8848 | D:11     | Reached skill level 15 in Spellcasting
  8850 | D:11     | Noticed Lodul
  9098 | D:11     | Reached skill level 5 in Air Magic
  9098 | D:11     | Killed Lodul
  9099 | D:11     | Reached XP level 12. HP: 53/67 MP: 30/33
  9440 | D:2      | Bought the ring of the Mage {Wiz Archmagi} for 714 gold
                  | pieces
  9440 | D:2      | Found the ring of the Mage {Wiz Archmagi}
  9615 | D:4      | Found Ponaysk's Antique Weapon Boutique.
  9890 | D:11     | Found a staircase to the Lair.
  9928 | D:11     | Found Fagafuf's Pet Rocks.
 10006 | D:11     | Got Simple Magic
 10014 | D:11     | Offered knowledge of Plasma Beam by Vehumet.
 10092 | D:11     | Noticed a two-headed ogre
 10097 | D:11     | Killed a two-headed ogre
 10109 | D:11     | Noticed Psyche
 10114 | D:11     | Killed Psyche
 10383 | D:12     | Learned a level 2 spell: Wereblood
 10468 | D:12     | Found a portal to a secret trove of treasure.
 10521 | D:12     | Learned a level 5 spell: Freezing Cloud
 10524 | D:12     | Learned a level 2 spell: Poisonous Vapours
 10628 | D:12     | Learned a level 5 spell: Fireball
 10790 | D:12     | Reached skill level 5 in Fighting
 10790 | D:12     | Reached skill level 16 in Spellcasting
 10899 | Orc:1    | Entered Level 1 of the Orcish Mines
 10907 | Orc:1    | Reached skill level 1 in Ice Magic
 11026 | Orc:2    | Entered Level 2 of the Orcish Mines
 11584 | Orc:1    | Noticed an orc warlord
 11588 | Orc:1    | Killed an orc warlord
 11589 | Orc:1    | Reached skill level 1 in Armour
 11608 | Orc:1    | Reached skill level 10 in Necromancy
 12003 | D:2      | Bought the ring of Greed {rElec rPois rN+ AC+4 Str-2} for
                  | 758 gold pieces
 12159 | Lair:1   | Entered Level 1 of the Lair of Beasts
 12996 | Lair:2   | Reached skill level 5 in Earth Magic
 12996 | Lair:2   | Reached XP level 13. HP: 73/73 MP: 30/35
 13206 | Lair:2   | Reached skill level 17 in Spellcasting
 13376 | Lair:2   | Found a transporter.
 13376 | Lair:2   | Found a transporter.
 13463 | Lair:2   | Found a staircase to the Shoals.
 13923 | Lair:3   | Found a hole to the Spider Nest.
 14271 | Lair:3   | Reached ****** piety under Vehumet
 14466 | Lair:3   | Identified the +3 leather armour of Okawaru's Inspiration
                  | {Str+4}
 14729 | Lair:4   | Learned a level 4 spell: Sticky Flame
 14730 | Lair:4   | Noticed Rupert
 14739 | Lair:4   | Killed Rupert
 14816 | Lair:4   | Reached skill level 18 in Spellcasting
 15600 | Lair:5   | Entered Level 5 of the Lair of Beasts
 15619 | Lair:5   | Offered knowledge of Yara's Violent Unravelling by Vehumet.
 15631 | Lair:5   | Reached XP level 14. HP: 67/80 MP: 27/38
 15845 | Lair:5   | Found a runed translucent door.
 15898 | Lair:5   | Reached skill level 5 in Ice Magic
 16079 | Lair:5   | Found a viscous altar of Jiyva.
 16080 | Lair:5   | Found a staircase to the Slime Pits.
 16303 | Lair:5   | Offered knowledge of Spellforged Servitor by Vehumet.
 16420 | Lair:5   | Reached skill level 5 in Translocations
 16479 | Lair:5   | Got Utragud's Papyrus of the Inquisitive Olives
 17029 | Orc:2    | Found Roezostra's General Store.
 17032 | Orc:2    | Found Bamnuus's General Store.
 17035 | Orc:2    | Reached skill level 19 in Spellcasting
 17139 | Orc:2    | Noticed Azrael
 17144 | Orc:2    | Killed Azrael
 17466 | Orc:2    | Found Huzal's Antique Armour Boutique.
 17466 | Orc:2    | Found Jyohez's Book Shop.
 17467 | Orc:2    | Found a one-way gate leading to the halls of Pandemonium.
 17474 | Orc:2    | Bought a runed helmet for 270 gold pieces
 17519 | Orc:2    | Reached XP level 15. HP: 82/86 MP: 40/40
 17523 | Orc:2    | Offered knowledge of Irradiate by Vehumet.
 17530 | Orc:2    | Learned a level 5 spell: Irradiate
 17569 | Orc:2    | Found a staircase to the Elven Halls.
 17694 | Elf:1    | Entered Level 1 of the Elven Halls
 17722 | Elf:1    | Reached skill level 20 in Spellcasting
 17790 | Elf:1    | Paralysed by an air elemental for 1 turns
 17793 | Elf:1    | Paralysed by an air elemental for 1 turns
 17857 | Elf:1    | Learned a level 3 spell: Frozen Ramparts
 18057 | Elf:1    | Reached skill level 5 in Armour
 18079 | Elf:1    | Noticed a deep elf sorcerer
 18082 | Elf:1    | Killed a deep elf sorcerer
 18336 | Elf:1    | Reached skill level 10 in Dodging
 18450 | Elf:1    | You fall into a shaft and drop 1 floor!
 18466 | Elf:2    | Offered knowledge of Orb of Destruction by Vehumet.
 18485 | Elf:2    | Learned a level 7 spell: Orb of Destruction
 18513 | Elf:2    | Noticed a deep elf blademaster
 18522 | Elf:2    | Killed a deep elf blademaster
 18566 | Elf:2    | Found a runed translucent gate.
 18566 | Elf:2    | Found a runed translucent gate.
 18567 | Elf:2    | Found a runed translucent gate.
 18580 | Elf:2    | Reached skill level 21 in Spellcasting
 18588 | Elf:2    | HP: 3/88 [deep elf knight/arrow (4)]
 18593 | Elf:2    | Reached skill level 5 in Conjurations
 18729 | Elf:2    | Found a crumbling gateway.
 18733 | Elf:2    | Reached XP level 16. HP: 94/94 MP: 23/43
 18738 | Elf:2    | Paralysed by an air elemental for 1 turns
 18742 | Elf:2    | Paralysed by an air elemental for 1 turns
 18767 | Elf:2    | Killed from afar by a deep elf knight

Illustrated notes

Levels and vault maps discovered:
D:1:      sevenhm_arrival_forest_fort_small_3, layout_rooms,
          chequers_serial_rivers_room_b, minmay_misc_feat_five
D:2:      layout_loops_ring, dreamdust_ecumenical_altar_angels_and_demons,
          serial_shops, shop
D:3:      layout_basic, grunt_temple_overflow_open, minmay_misc_feat_iff
D:4:      layout_basic, nicolae_overflow_quartered_altars, serial_shops,
          nicolae_diamond_shop
D:5:      layout_loops_ring, lemuel_doored_altar, minmay_misc_feat_rows,
          dreamdust_wishing_well
D:6:      layout_loops_cross, fedhas_altar_fruit_tree,
          minmay_temple_entry_glass, uniq_pikel, uniq_blork_the_orc
D:7:      layout_basic, uniq_menkaure, uniq_joseph, uniq_crazy_yiuf_cottage
D:8:      layout_basic, nicolae_uskayaw_dance_hall, serial_demonic,
          serial_demonic_d, serial_demonic_a, serial_demonic_c,
          serial_demonic_c, nicolae_diode_quadrants
D:9:      layout_irregular_city, kennysheep_little_box, enter_bailey_4,
          minmay_between, uniq_harold
D:10:     layout_basic, nicolae_ru_awakened_eye
D:11:     layout_rooms, hellmonk_lair_entry_icy, serial_ice, serial_ice_j,
          serial_ice_m, serial_ice_o, serial_ice_c, serial_ice_g, serial_ice_f,
          guppyfry_shop_earth, uniq_psyche, uniq_lodul
D:12:     layout_roguey, nicolae_trove_entry_crossroad
Lair:1:   layout_small_grid
Lair:2:   gammafunk_boulding_lane, layout_small_grid, elwin_shoals_entry_rooms
Lair:3:   kb_forest_paths, layout_chaotic_city, spider_nest_entry_rubble
Lair:4:   layout_hall_layers, grunt_megastairs_3, lemuel_fruit_fields,
          uniq_rupert
Lair:5:   guppyfry_lair_end_dragon, layout_misc_corridors, wormcave,
          dpeg_slime_entry_enclosed
Orc:1:    layout_caves
Orc:2:    pf_orc_diabolical, layout_diamond_mine, uniq_azrael
Elf:1:    minmay_elf_arrival_plus, layout_loops_cross,
          kennysheep_underground_church
Elf:2:    nicolae_elf_blades_crystal_corner, layout_rooms,
          portal_desolation_entry_salt, minivault_25_ag, minmay_shop_star

Skill      XL: |  1  2  3  4  5  6  7  8  9 10 11 12 13 14 15 |
---------------+----------------------------------------------+-----
Spellcasting   | 5 6 7 9 10 12 13 15 16 18 19 21 | 21.6
Necromancy     | 1 2 3 4 5 7 9 10 11 | 11.2
Conjurations   | 1 2 3 4 5 |  5.4
Dodging        | 2 3 4 5 6 7 8 9 10 | 10.6
Short Blades   | 1 2 3 |  3.3
Stealth        | 2 3 4 |  4.2
Translocations | 3 4 5 |  5.5
Throwing       | 1 |  1.8
Air Magic      | 1 2 3 5 6 7 8 |  8.4
Poison Magic   | 1 3 5 6 7 9 |  9.2
Transmutations | 2 3 4 |  4.4
Fire Magic     | 2 3 4 |  4.7
Earth Magic    | 2 3 5 6 7 |  7.5
Shields        | 2 |  2.3
Fighting       | 2 4 5 6 7 8 |  8.5
Ice Magic      | 2 4 6 |  6.1
Armour         | 1 3 4 5 |  5.7
Long Blades    | |  0.5
Invocations    | |  1.0
Evocations     | |  0.5

Action                     |  1- 3 |  4- 6 |  7- 9 | 10-12 | 13-15 | 16-18 || total
---------------------------+-------+-------+-------+-------+-------+-------++-------
  Melee: Short sword       |    11 |       |       |       |       |       ||    11
         Rapier            |    23 |    48 |    77 |    94 |    48 |       ||   290
         Dagger            |       |    44 |    45 |       |       |       ||    89
         Scimitar          |       |       |       |       |    20 |     7 ||    27
  Throw: Dart              |       |     7 |    28 |    40 |       |       ||    75
   Cast: Apportation       |    21 |    13 |    41 |    77 |    40 |       ||   192
         Magic Dart        |    49 |    37 |    41 |    45 |    25 |       ||   197
         Vampiric Draining |     2 |    27 |    50 |    31 |    18 |       ||   128
         Blink             |       |     1 |    12 |     9 |    15 |     3 ||    40
         Ignite Poison     |       |     1 |    12 |    76 |   120 |     3 ||   212
         Mephitic Cloud    |       |       |    13 |    49 |    22 |       ||    84
         Olgreb's Toxic Ra |       |       |       |    62 |    49 |     3 ||   114
         Airstrike         |       |       |       |    20 |    32 |       ||    52
         Freezing Cloud    |       |       |       |     9 |    46 |       ||    55
         Poisonous Vapours |       |       |       |     6 |   144 |     1 ||   151
         Wereblood         |       |       |       |     3 |    22 |     1 ||    26
         Fireball          |       |       |       |     1 |     1 |     3 ||     5
         Sticky Flame      |       |       |       |       |     6 |       ||     6
         Irradiate         |       |       |       |       |    11 |     2 ||    13
         Frozen Ramparts   |       |       |       |       |     1 |       ||     1
         Orb of Destructio |       |       |       |       |       |     1 ||     1
  Evoke: Wand              |       |       |     3 |     4 |     5 |       ||    12
    Use: Scroll            |     1 |       |     2 |    16 |     5 |       ||    24
         Potion            |       |       |     3 |     2 |     4 |     3 ||    12
   Stab: Sleeping          |     3 |     2 |     5 |     7 |     5 |       ||    22
         Confused          |       |       |       |     1 |       |       ||     1
 Armour: Robe              |    15 |    19 |    64 |    29 |       |       ||   127
         Troll leather arm |       |       |       |    12 |    48 |    11 ||    71
  Dodge: Dodged            |    19 |    59 |   158 |   109 |    77 |    15 ||   437
  Block: Buckler           |    11 |    21 |    40 |    43 |    24 |     2 ||   141
